 Dungeon Crawl Stone Soup version 0.18.1-50-g88ac8fd (webtiles) character file.

325 wolfsongas the Skirmisher (level 6, -1/99 HPs)
             Began as an Ogre Fighter on May 2, 2017.
             Was an Initiate of Nemelex Xobeh.
             Slain by a wight
             ... wielding a +2 battleaxe
              (3 damage)
             ... on level 3 of the Dungeon.
             The game lasted 00:12:27 (3218 turns).

wolfsongas the Skirmisher (Ogre Fighter)            Turns: 3218, Time: 00:12:29

Health: -1/99      AC:  4    Str: 29    XL:     6   Next: 48%
Magic:  6/6        EV:  8    Int:  7    God:    Nemelex Xobeh [......]
Gold:   192        SH:  9    Dex:  9    Spells: 0 memorised, 5 levels left

rFire  + . .     SeeInvis .     g - +2 dagger (speed)
rCold  x . .     Gourm    .     b - +0 robe
rNeg   . . .     Faith    .     c - +0 shield
rPois  .         Spirit   .     s - +1 hat
rElec  .         Dismiss  .     (no cloak)
rCorr  .         Reflect  .     (gloves unavailable)
SustAt .         Harm     .     (boots unavailable)
MR     .....                    (no amulet)
Stlth  ..........               (no ring)
                                e - ring of fire

@: berserking, drained, very quick, not resistant to hostile enchantments,
extremely unstealthy
A: unfitting armour, tough skin 1
a: Renounce Religion


You were on level 3 of the Dungeon.
You worshipped Nemelex Xobeh.
Nemelex Xobeh was noncommittal.
You were not hungry.

You visited 1 branch of the dungeon, and saw 3 of its levels.

You collected 192 gold pieces.

Inventory:

Hand Weapons
 a - a +0 flail
 d - a +0 scythe
 g - a +2 dagger of speed (weapon)
 h - a +2 short sword of freezing
 p - a +0 dagger
Armour
 b - a +0 robe (worn)
 c - a +0 shield (worn)
 j - a +0 chain mail
 s - a +1 hat (worn)
Jewellery
 e - a ring of fire (left hand)
Scrolls
 i - a scroll of recharging
Potions
 l - a potion of flight {unknown}
 o - a potion of ambrosia {unknown}
 q - a potion of brilliance {unknown}
 t - 2 potions of cancellation
Miscellaneous
 u - a plain deck of destruction {drawn: 1}
Comestibles
 f - 2 bread rations
 k - a slice of pizza
 n - a meat ration
 r - a chunk of flesh


   Skills:
 + Level 5.3(4.1) Fighting
 + Level 1.3(0.2) Short Blades
 + Level 2.9(1.8) Maces & Flails
 + Level 4.7(3.6) Dodging
 + Level 0.5(0.0) Stealth
 + Level 3.6(2.5) Shields


You had 5 spell levels left.
You didn't know any spells.

Dungeon Overview and Level Annotations

Branches:
Dungeon (3/15)

Altars:
Fedhas
Nemelex Xobeh


Innate Abilities, Weirdness & Mutations

You are too large for most types of armour.
You have tough skin (AC +1).


Message History

The wight closely misses you.
You closely miss the wight.
The wight is heavily damaged.
The wight hits you with a morningstar! You block the wight's attack.
The wight hits you with an enchanted battleaxe!
* * * LOW HITPOINT WARNING * * *
You feel drained.
* * * LOW HITPOINT WARNING * * *
You puncture the wight!
You destroy the wight!
You block the wight's attack.
You puncture the adder!
You kill the adder!
The wight hits you with a morningstar!
* * * LOW HITPOINT WARNING * * *
The wight hits you with an enchanted battleaxe!
* * * LOW HITPOINT WARNING * * *
You feel drained.
You die...
Your body disappears without a glow.

#..# #..#
##.# #.# #.#
#.# #># #.#
#@#
.....zz)z...#
......z...###
#.........+
#.........#
#.........#
#.........#
#.........#


You could see 4 wights.

Vanquished Creatures
  Sigmund (D:2)
  A wight (D:3)
  5 adders
  4 worms
  2 giant geckos
  An orc (D:3)
  A ball python (D:1)
  9 bats
  4 giant cockroaches
  11 goblins
  3 hobgoblins
  4 jackals (D:2)
  3 quokkas (D:3)
  6 giant newts
  13 kobolds
  4 rats (D:1)
  A fungus (D:2)
73 creatures vanquished.

Vanquished Creatures (collateral kills)
  A kobold (D:3)
1 creature vanquished.

Vanquished Creatures (others)
  A fungus (D:2)
1 creature vanquished.

Grand Total: 75 creatures vanquished

Notes
Turn   | Place    | Note
--------------------------------------------------------------
     0 | D:1      | wolfsongas the Ogre Fighter began the quest for the Orb.
     0 | D:1      | Reached XP level 1. HP: 24/24 MP: 1/1
   154 | D:1      | Reached XP level 2. HP: 20/33 MP: 2/2
   814 | D:1      | Reached XP level 3. HP: 41/41 MP: 3/3
  1462 | D:2      | Found a blossoming altar of Fedhas.
  1619 | D:2      | Reached XP level 4. HP: 49/49 MP: 4/4
  1685 | D:2      | Noticed Sigmund
  1708 | D:2      | Killed Sigmund
  1708 | D:2      | Reached skill level 5 in Fighting
  1708 | D:2      | Reached skill level 1 in Short Blades
  1708 | D:2      | Reached XP level 5. HP: 44/57 MP: 5/5
  2126 | D:2      | Reached XP level 6. HP: 66/66 MP: 6/6
  2650 | D:3      | Found a sparkling altar of Nemelex Xobeh.
  2654 | D:3      | Became a worshipper of Nemelex Xobeh the Trickster
  2980 | D:3      | Received a gift from Nemelex Xobeh
  3218 | D:3      | HP: 2/99 [wight/enchanted battleaxe (11)]
  3218 | D:3      | Slain by a wight

Skill      XL: |  1  2  3  4 |
---------------+-------------+-----
Dodging        | 3 4 |  4.7
Shields        | 3 |  3.6
Fighting       | 5 |  5.3
Short Blades   | 1 |  1.3
Maces & Flails | |  2.9
Stealth        | |  0.5

Action                   |  1- 3 |  4- 6 || total
-------------------------+-------+-------++-------
Melee: Flail             |    72 |       ||    72
       Dagger            |   110 |   172 ||   282
Evoke: Deck              |       |     1 ||     1
  Use: Scroll            |     2 |     3 ||     5
       Potion            |       |     4 ||     4
  Eat: Chunk             |     2 |     2 ||     4
       Bread ration      |       |     1 ||     1
Armor: Robe              |    92 |    29 ||   121
Dodge: Dodged            |    72 |    46 ||   118
Block: Shield            |   115 |    74 ||   189
